 Dungeon Crawl Stone Soup version 0.29-a0-1016-g236c7fd91e (webtiles) character file.

Game seed: 10879009245183899841

294 Sweeb the Shield-Bearer (level 6, 0/57 HPs)
             Began as a Naga Fighter on Aug 9, 2022.
             Killed from afar by a white imp (15 damage)
             ... with a puff of frost
             ... on level 4 of the Dungeon.
             The game lasted 00:09:34 (3489 turns).

Sweeb the Shield-Bearer (Naga Fighter)              Turns: 3489, Time: 00:09:35

Health: 0/57       AC:  7    Str: 20    XL:     6   Next: 34%
Magic:  6/6        EV:  7    Int:  9    God:
Gold:   158        SH:  4    Dex: 10    Spells: 5/5 levels left

rFire   . . .      SeeInvis +   a - +2 trident (freeze)
rCold   . . .      Faith    .   c - +0 buckler
rNeg    . . .      Spirit   .   b - +0 scale mail
rPois   +          Reflect  .   h - +0 helmet
rElec   .          Harm     .   (no cloak)
rCorr   .          Rampage  .   (no gloves)
Will    .....                   (no barding)
Stlth   ..........              (no amulet)
HPRegen 0.19/turn               (no ring)
MPRegen 0.10/turn               (no ring)

@: very slow
A: AC +2, large, see invisible, deformed body, poison resistance, slowness 2,
spit poison 1, naga tail 1
a: Spit Poison


You were on level 4 of the Dungeon.
You visited 1 branch of the dungeon, and saw 4 of its levels.

You collected 158 gold pieces.

Inventory:

Hand Weapons
 a - a +2 trident of freezing (weapon)
 m - a +2 spectral club
Armour
 b - a +0 scale mail (worn)
 c - a +0 buckler (worn)
 h - a +0 helmet (worn)
Jewellery
 k - a ring of flight
Wands
 j - a wand of roots (11)
 l - a wand of flame (5)
Scrolls
 r - 2 scrolls of teleportation
Potions
 d - a potion of might
 e - a potion of attraction {unknown}
 g - a potion of degeneration {unknown}
 i - 3 potions of heal wounds
 n - a potion of ambrosia
 p - 3 potions of lignification {unknown}


   Skills:
 + Level 3.9 Fighting
 * Level 4.0 Polearms
 + Level 3.2 Armour
 * Level 4.1 Shields


You had 5 spell levels left.
You didn't know any spells.
Your spell library contained the following spells:

 Spells                   Type           Power      Damage    Failure   Level
 Sandblast                Erth           0%         2d4       80%         1
 Summon Small Mammal      Summ           0%         N/A       80%         1
 Blink                    Tloc           0%         N/A       91%         2
 Passwall                 Tmut/Erth      0%         N/A       91%         2
 Call Canine Familiar     Summ           0%         N/A       99%         3
 Lesser Beckoning         Tloc           0%         N/A       99%         3
 Stone Arrow              Conj/Erth      0%         3d7       99%         3
 Summon Guardian Golem    Hex/Summ       0%         N/A       99%         3
 Manifold Assault         Tloc           0%         N/A       100%        5


Dungeon Overview and Level Annotations

Branches:
Dungeon (4/15)
 Temple: D:4-7

Altars:

Shops:
D:3 *?


Innate Abilities, Weirdness & Mutations

Your serpentine skin is tough. (AC +2)
You have supernaturally acute eyesight. (SInv)
Armour fits poorly on your strangely shaped body.
Your system is resistant to poisons. (rPois)
You cover ground very slowly.
You can spit poison.
You have a snake-like lower body.


Message History

The white imp gestures at you. The puff of frost misses you.
The puff of frost misses the adder.
You block the adder's attack.
You puncture the white imp!
The white imp is severely wounded.
The white imp hits you. The white imp freezes you.
You block the adder's attack.
The white imp hits you but does no damage.
You hit the white imp but do no damage.
The white imp is severely wounded.
The adder bites you but does no damage. x2
The white imp hits you but does no damage.
You barely miss the white imp.
The white imp is severely wounded.
The adder barely misses you.
The white imp hits you but does no damage.
You closely miss the white imp.
The white imp is severely wounded.
The adder bites you but does no damage. The white imp gestures at you.
The puff of frost hits you! The adder bites you but does no damage.
You barely miss the white imp.
The white imp is severely wounded.
The adder bites you but does no damage. The white imp gestures at you.
The puff of frost hits you!
Unknown command.
You hit the white imp but do no damage.
The white imp is severely wounded.
The adder bites you but does no damage. The white imp gestures at you.
The puff of frost hits you.
* * * LOW HITPOINT WARNING * * *
The adder bites you but does no damage.
You hit the white imp but do no damage.
The white imp is severely wounded.
You block the adder's attack. The white imp gestures at you.
The puff of frost hits you!
You die...

#### ####...
##... .......
##.... .......
#..... .......
#..... (.....)
#..... ......<
#.....#S......
#@#
#...5#.......
#.... ......#
#.... ...####
#.... ####
##### ######
##.....#.
##........


You could see an adder and a white imp.

Vanquished Creatures
  A necrophage (D:3)
  A scorpion (D:3)
  Jessica (D:2)
  Robin (D:2)
  4 adders
  A worm (D:2)
  3 dart slugs
  An orc (D:3)
  3 ball pythons
  8 endoplasms
  18 goblins
  13 hobgoblins
  7 jackals (D:1)
  3 quokkas
  4 bats
  5 frilled lizards
  8 kobolds
  8 rats
90 creatures vanquished.

Notes
Turn   | Place    | Note
-------+----------+-------------------------------------------
     0 | D:1      | Sweeb the Naga Fighter began the quest for the Orb.
     0 | D:1      | Reached XP level 1. HP: 21/21 MP: 1/1
   189 | D:1      | Reached XP level 2. HP: 28/28 MP: 2/2
   570 | D:1      | Reached XP level 3. HP: 32/34 MP: 3/3
   586 | D:1      | Found a faded altar of an unknown god.
  1312 | D:2      | Noticed Jessica
  1319 | D:2      | Killed Jessica
  1320 | D:2      | Reached XP level 4. HP: 10/42 MP: 4/4
  1449 | D:2      | Noticed Robin
  1480 | D:2      | Killed Robin
  1850 | D:2      | Identified the +4 sling of Hoqus {venom, Fragile rF- rCorr
                  | Int+8}
  1981 | D:2      | Reached XP level 5. HP: 45/49 MP: 5/5
  2539 | D:3      | Found Icruotab's Assorted Antiques.
  2879 | D:3      | Found Ujohet's Magic Scroll Emporium.
  2973 | D:3      | Reached XP level 6. HP: 57/57 MP: 6/6
  3489 | D:4      | Killed from afar by a white imp

Illustrated notes

Levels and vault maps discovered:
D:1:      spicycebolla_arrival_transporter_tutorial, layout_loops_cross,
          hellmonk_ecumenical_altar_prayer_group
D:2:      layout_loops_corners, uniq_robin, uniq_jessica
D:3:      layout_loops_ring, serial_shops, nicolae_square_shop,
          nicolae_shop_crystal
D:4:      layout_rooms, tgw_sif, ebering_ghost_inner_flame, st_stairs_14,
          minmay_small_thing, uniq_eustachio

Skill      XL: |  1  2  3  4  5  6 |
---------------+-------------------+-----
Shields        | 3 4 |  4.1
Polearms       | 3 4 |  4.0
Armour         | 3 |  3.2
Fighting       | |  3.9

Action                   |  1- 3 |  4- 6 || total
-------------------------+-------+-------++-------
Melee: Trident           |    97 |   131 ||   228
 Abil: Spit Poison       |    14 |    16 ||    30
  Use: Scroll            |     3 |     7 ||    10
       Potion            |       |     1 ||     1
Armor: Scale mail        |    27 |    54 ||    81
Dodge: Dodged            |    22 |    41 ||    63
Block: Buckler           |    19 |    14 ||    33

Table legend: (Time is in decaauts)
 A = Elapsed time spent in this place.
 B = Non-inter-level travel time spent in this place.
 C = Inter-level travel time spent in this place.
 D = Time resting spent in this place.
 E = Time spent auto-exploring this place.
 F = Levels seen in this place.
 G = Mean time per level.
                   A        B        C        D        E       F      G
               +--------+--------+--------+--------+--------+-----+--------+
         Total |   4377 |   4214 |    163 |    445 |   3137 |   4 | 1094.2 |
       Dungeon |   4377 |   4214 |    163 |    445 |   3137 |   4 | 1094.2 |
               +--------+--------+--------+--------+--------+-----+--------+

Top non-repeatable levels by time:
     D:2: 1950 daAuts
     D:3: 1225 daAuts
     D:1: 1184 daAuts
     D:4: 17 daAuts
